 Dungeon Crawl Stone Soup version 0.21.0-3-g78d12a8 (webtiles) character file.

10559 MTVSty1e the Bludgeoner (level 11, -3/67 HPs)
             Began as a Gargoyle Fighter on Jan 15, 2018.
             Killed from afar by Fannar (25 damage)
             ... with a bolt of cold
             ... on level 10 of the Dungeon.
             The game lasted 00:22:50 (13294 turns).

MTVSty1e the Bludgeoner (Gargoyle Fighter)         Turns: 13294, Time: 00:22:50

Health: -3/67      AC: 25    Str: 23    XL:     11   Next: 64%
Magic:  11/11      EV:  3    Int:  9    God:
Gold:   560        SH: 20    Dex:  9    Spells: 10/10 levels left

rFire    . . .     SeeInvis +   a - +1 flail
rCold    . . .     Gourm    .   J - +0 large shield
rNeg     + . .     Faith    .   M - +0 plate armour
rPois    ∞         Spirit   .   D - +2 hat
rElec    +         Reflect  +   I - +0 cloak
rCorr    +         Harm     .   w - +0 pair of gloves
MR       .....                  (no boots)
Stlth    ..........             j - +5 amulet of reflection
HPRegen  0.21/turn              C - ring of see invisible
MPRegen  0.12/turn              l - ring of resist corrosion

@: about to teleport
A: negative energy resistance 1, electricity resistance, unbreathing,
petrification resistance, rot immunity, AC +8
a: no special abilities


You were on level 10 of the Dungeon.
You were hungry.

You visited 2 branches of the dungeon, and saw 11 of its levels.
You also visited: Sewer and Ossuary.

You collected 560 gold pieces.

Inventory:

Hand Weapons
 a - a +1 flail (weapon)
Armour
 w - a +0 pair of gloves (worn)
 D - a +2 hat (worn)
 I - a +0 cloak (worn)
 J - a +0 large shield (worn)
 M - a +0 plate armour (worn)
Jewellery
 c - an uncursed ring of teleportation
 g - an uncursed ring of fire
 i - an uncursed ring of wizardry
 j - a +5 amulet of reflection (around neck)
 l - a ring of resist corrosion (right hand)
 n - an uncursed ring of flight
 u - a +6 ring of strength
 x - an uncursed ring of protection from fire
 z - an uncursed ring of positive energy
 C - a ring of see invisible (left hand)
Wands
 d - a wand of disintegration (7)
 k - a wand of iceblast (10)
 p - a wand of polymorph (16)
 G - a wand of enslavement (9)
 L - a wand of acid (9)
Scrolls
 b - a scroll of enchant weapon
 e - 6 scrolls of teleportation
 m - 6 scrolls of identify
 y - 3 scrolls of magic mapping
 B - a scroll of enchant armour
 F - a scroll of remove curse
 N - a scroll of fog
Potions
 h - 2 potions of cancellation
 o - 2 potions of brilliance
 q - a potion of lignification
 r - 6 potions of flight
 s - 2 potions of curing
 v - a potion of agility
 A - a potion of haste
 H - a potion of magic
Books
 t - a book of Debilitation

   Spells                             Type                      Level
   a - Corona                         Hexes                        1
   b - Slow                           Hexes                        2
   c - Inner Flame                    Hexes/Fire                   3
   d - Portal Projectile              Hexes/Translocation          3
   e - Cause Fear                     Hexes                        4
   f - Leda's Liquefaction            Hexes/Earth                  4
 E - a book of Flames

   Spells                             Type                      Level
   a - Flame Tongue                   Conjuration/Fire             1
   b - Throw Flame                    Conjuration/Fire             2
   c - Conjure Flame                  Conjuration/Fire             3
   d - Inner Flame                    Hexes/Fire                   3
   e - Sticky Flame                   Conjuration/Fire             4
   f - Fireball                       Conjuration/Fire             5
 K - a book of Changes

   Spells                             Type                      Level
   a - Beastly Appendage              Transmutation                1
   b - Sticks to Snakes               Transmutation                2
   c - Spider Form                    Transmutation/Poison         3
   d - Ice Form                       Ice/Transmutation            4
   e - Blade Hands                    Transmutation                5
Comestibles
 f - 12 rations


   Skills:
 * Level 7.3 Fighting
 + Level 15.0 Maces & Flails
 + Level 6.1 Armour
 + Level 6.1 Shields


You had 10 spell levels left.
You didn't know any spells.

Dungeon Overview and Level Annotations

Branches:
Dungeon (10/15)            Temple (1/1) D:5            Lair (0/6) D:10
    Orc: D:9-12

Altars:
Ashenzari
Cheibriados
Dithmenos
Elyvilon
Fedhas
Gozag
Hepliaklqana
Kikubaaqudgha
Makhleb
Nemelex Xobeh
Okawaru
Qazlal
Ru
Sif Muna
Trog
Uskayaw
Vehumet
Wu Jian
Xom
Yredelemnul
Zin
The Shining One

Shops:
D:8 *

Annotations:
D:10 Fannar


Innate Abilities, Weirdness & Mutations

You are resistant to torment.
Your stone body is resilient. (AC +8)
You are immune to poison.
You resist negative energy. (rN+)
You are resistant to electric shocks. (rElec)
You can survive without breathing.
You are immune to petrification.
You are immune to rotting.


Message History

Fannar hits you but does no damage.
Your plate armour prevents you from hitting Fannar.
Fannar is almost dead.
You block the bullfrog's attack. The ice beast hits you.
The ice beast freezes you!
The bullfrog hits you but does no damage.
The ice beast hits you but does no damage.
You block the ice beast's attack.
Fannar gestures wildly while chanting.
Fannar blinks!
As you read the scroll of teleportation, it crumbles to dust.
You feel strangely unstable. You block the bullfrog's attack.
You block the ice beast's attack.
The ice beast hits you but does no damage.
The ice beast barely misses you. You block the bullfrog's attack.
You block the bullfrog's attack.
Fannar points at you and mumbles some strange words.
The bolt of cold hits you!
You die...

#########################
#....#....................#...
#....#....................#...
...#...(#.....e..............#...
...#....#.<..................#...
...#....#(.......Y.....#######...
...#....#.......@F...............
...#....#......#YY...............
...#...........#.................
...##'###......#.....>.......###'
...............#.................
...............#.......#.........
........#......#.......#.....#...
...)..>.#......#.......#.....#...
...######......#.......#.....#...


You could see Fannar, 3 ice beasts and a bullfrog.

Vanquished Creatures
  2 two-headed ogres (D:8)
  The ghost of aspa the Thaumaturge, a novice OpWz of Sif Muna (D:10)
  An orange crystal statue (D:9)
  The ghost of AdmiralAndromeda the Cleaver, a novice HOFi (D:5)
  Psyche (D:8)
  2 trolls (D:10)
  4 hippogriffs
  3 wyverns (D:10)
  A wraith (Ossuary)
  4 yaks (D:10)
  2 hell hounds
  Purgy (D:4)
  2 black bears
  4 sky beasts
  An eye of draining (D:8)
  4 orc warriors
  3 ice beasts
  A phantom (D:5)
  6 ogres
  2 centaurs
  5 big kobolds
  A crocodile (D:9)
  7 bullfrogs
  A wyvern zombie (D:6)
  3 jellies
  A wyvern skeleton (D:8)
  A scorpion (D:6)
  6 killer bees
  3 wights (D:9)
  A howler monkey (D:10)
  A bullfrog zombie (D:10)
  6 crimson imps
  5 orc priests
  6 hounds
  A bullfrog skeleton (D:6)
  9 orc wizards
  2 worker ants
  A mummy (Ossuary)
  A howler monkey zombie (D:9)
  2 worker ant zombies
  A howler monkey skeleton (D:9)
  20 adders
  4 river rats (Sewer)
  A shadow imp (D:8)
  4 oozes (Sewer)
  2 adder zombies
  2 adder skeletons (D:5)
  7 worms
  3 dart slugs
  5 leopard geckos
  37 orcs
  3 giant cockroaches
  11 goblins
  9 hobgoblins
  9 jackals
  5 quokkas
  6 ball pythons
  8 bats
  6 frilled lizards
  A giant cockroach zombie (D:5)
  8 gnoll skeletons (Ossuary)
  19 kobolds
  4 kobold skeletons (Ossuary)
  13 orc skeletons (Ossuary)
  A quokka skeleton (D:6)
  A quokka zombie (D:7)
  8 rats
307 creatures vanquished.

Vanquished Creatures (others)
  A centaur (D:7)
  An orc wizard (D:10)
  A goblin (D:2)
3 creatures vanquished.

Grand Total: 310 creatures vanquished

Notes
Turn   | Place    | Note
-------+----------+-------------------------------------------
     0 | D:1      | MTVSty1e the Gargoyle Fighter began the quest for the Orb.
     0 | D:1      | Reached XP level 1. HP: 14/14 MP: 1/1
   296 | D:1      | Reached XP level 2. HP: 19/19 MP: 2/2
   433 | D:1      | Reached skill level 3 in Maces & Flails
  1021 | D:2      | Reached XP level 3. HP: 23/23 MP: 3/3
  1254 | D:2      | Found a radiant altar of Vehumet.
  1264 | D:2      | Reached skill level 4 in Maces & Flails
  1278 | D:2      | Reached XP level 4. HP: 16/28 MP: 4/4
  2130 | D:3      | Reached skill level 5 in Maces & Flails
  2136 | D:3      | Reached XP level 5. HP: 32/32 MP: 5/5
  2380 | D:3      | Found an ornate altar of the Wu Jian Council.
  2536 | D:4      | Noticed Purgy
  2548 | D:4      | Killed Purgy
  2548 | D:4      | Reached skill level 6 in Maces & Flails
  2548 | D:4      | Reached XP level 6. HP: 18/37 MP: 6/6
  3508 | D:4      | Reached skill level 7 in Maces & Flails
  3679 | D:4      | Found an opulent altar of Gozag.
  3701 | D:5      | Entered Level 5 of the Dungeon
  3701 | D:5      | Noticed a phantom
  3717 | D:5      | Found a sand-covered staircase.
  3732 | Ossuary  | Entered an ossuary
  3732 | Ossuary  | Noticed a wraith
  3732 | Ossuary  | Noticed a wraith
  3732 | Ossuary  | Noticed a wraith
  3891 | Ossuary  | Noticed a wraith
  3975 | Ossuary  | Killed a wraith
  3975 | Ossuary  | Reached XP level 7. HP: 32/41 MP: 7/7
  4073 | D:5      | Found a glowing drain.
  4089 | D:5      | Reached skill level 8 in Maces & Flails
  4093 | Sewer    | Entered a sewer
  4825 | Sewer    | Reached skill level 9 in Maces & Flails
  4828 | Sewer    | Reached XP level 8. HP: 46/46 MP: 8/8
  5043 | D:5      | Found a staircase to the Ecumenical Temple.
  5048 | D:5      | Noticed AdmiralAndromeda's ghost (novice HOFi)
  5060 | D:5      | Killed AdmiralAndromeda's ghost
  5060 | D:5      | Reached skill level 10 in Maces & Flails
  5075 | Temple   | Entered the Ecumenical Temple
  5273 | D:5      | Found an iron altar of Okawaru.
  5904 | D:6      | Reached skill level 11 in Maces & Flails
  5946 | D:6      | Reached XP level 9. HP: 51/51 MP: 9/9
  5972 | D:6      | Found a shattered altar of Ashenzari.
  6421 | D:6      | Found an ancient bone altar of Kikubaaqudgha.
  6427 | D:6      | Reached skill level 12 in Maces & Flails
  6922 | D:7      | Reached skill level 13 in Maces & Flails
  7089 | D:7      | Found a glowing golden altar of the Shining One.
  7377 | D:7      | Reached XP level 10. HP: 53/56 MP: 10/10
  7417 | D:8      | Found Luecoish's General Store.
  7696 | D:8      | Noticed a two-headed ogre
  7703 | D:8      | Killed a two-headed ogre
  7703 | D:8      | Reached skill level 14 in Maces & Flails
  7788 | D:8      | Noticed Psyche
  7797 | D:8      | Killed Psyche
  8157 | D:8      | Noticed a two-headed ogre
  8170 | D:8      | Killed a two-headed ogre
  8412 | D:9      | Found a hide-covered altar of Uskayaw.
  8413 | D:9      | Noticed a dagger
  8413 | D:9      | Noticed a dagger
  8655 | D:9      | HP: 1/56 [orc/morningstar (3)]
  9417 | D:9      | Found a glowing golden altar of the Shining One.
  9801 | D:9      | Found a sparkling altar of Nemelex Xobeh.
  9988 | D:9      | Noticed an orange crystal statue
 10671 | D:8      | Reached XP level 11. HP: 12/62 MP: 7/11
 10995 | D:8      | Reached skill level 5 in Fighting
 11457 | D:9      | Killed an orange crystal statue
 11457 | D:9      | Reached skill level 5 in Armour
 11457 | D:9      | Reached skill level 5 in Shields
 11527 | D:10     | Entered Level 10 of the Dungeon
 11543 | D:10     | Noticed aspa's ghost (novice OpWz)
 11568 | D:10     | Killed aspa's ghost
 12685 | D:10     | Noticed Fannar
 12688 | D:10     | Reached skill level 15 in Maces & Flails
 13133 | D:10     | Found a staircase to the Lair.
 13294 | D:10     | Killed from afar by Fannar

Skill      XL: |  1  2  3  4  5  6  7  8  9 10 11 |
---------------+----------------------------------+-----
Maces & Flails | 3 4 5 6 7 9 11 13 14 15 | 15.0
Fighting       | 4 7 |  7.3
Armour         | 4 6 |  6.1
Shields        | 4 6 |  6.1

Action                   |  1- 3 |  4- 6 |  7- 9 | 10-12 || total
-------------------------+-------+-------+-------+-------++-------
Melee: Flail             |   117 |   347 |   546 |   503 ||  1513
       Unarmed           |       |       |       |   943 ||   943
       Mace              |       |       |       |     3 ||     3
  Use: Potion            |       |     2 |     1 |    16 ||    19
       Scroll            |       |     3 |    16 |    10 ||    29
  Eat: Chunk             |     1 |     6 |     5 |       ||    12
       Ration            |       |     1 |     2 |     7 ||    10
Armor: Scale mail        |    53 |   161 |   206 |   493 ||   913
       Plate armour      |       |       |       |   229 ||   229
       Skin              |       |       |       |    14 ||    14
Dodge: Dodged            |    26 |   107 |    74 |   226 ||   433
Block: Shield            |    80 |   301 |   236 |       ||   617
       Reflection        |     2 |     9 |     8 |    10 ||    29
       Large shield      |       |       |   183 |  1692 ||  1875
